 Dungeon Crawl Stone Soup version 0.31-a0-263-ge8cad7f256 (webtiles) character file.

Game seed: 2076069627243421895

6 qw the Vexing (level 1, -1/12 HPs)
             Began as a Gargoyle Hexslinger on July 13, 2023.
             Killed from afar by a dart slug (2 damage)
             ... with a slug dart
             ... on level 1 of the Dungeon.
             The game lasted 00:00:05 (56 turns).

qw the Vexing (Gargoyle Hexslinger)                   Turns: 56, Time: 00:00:05

Health: -1/12      AC:  4    Str: 11    XL:     1   Next: 90%
Magic:  2/2        EV: 12    Int: 13    God:
Gold:   17         SH:  0    Dex: 12    Spells: 1/2 levels left

rFire   . . .        a - +1 sling
rCold   . . .        (no shield)
rNeg    + . .        c - +0 robe
rPois   inf          (no helmet)
rElec   +            (no cloak)
rCorr   .            (no gloves)
SInv    .            (no boots)
Will    .....        (no amulet)
Stlth   +            (no ring)
HPRegen 0.22/turn    (no ring)
MPRegen 0.08/turn

%: no passive effects
@: no status effects
A: sickness immunity, AC +2, negative energy resistance 1, electricity
resistance, torment resistance 1, petrification resistance
a: no special abilities


You were on level 1 of the Dungeon.
You visited 1 branch of the dungeon, and saw 1 of its levels.

You collected 17 gold pieces.


Innate Abilities, Weirdness & Mutations

You are immune to sickness and miasma.
Your stone body is resilient. (AC +2)
You are immune to poison.
You resist negative energy. (rN+)
You are resistant to electric shocks. (rElec)
You are resistant to unholy torment.
You are immune to petrification.


   Skills:
 - Level 1.1 Fighting
 + Level 2.6 Ranged Weapons
 - Level 1.5 Dodging
 - Level 1.0 Spellcasting
 - Level 2.6 Hexes


You had one spell level left.
You knew the following spells:

 Your Spells              Type           Power      Damage    Failure   Level
a - Slow                  Hex            28%        N/A       10%         1

Your spell library contained the following spells:

 Spells                   Type           Power      Damage    Failure   Level
 Inner Flame              Hex/Fire       4%         N/A       43%         3
 Portal Projectile        Hex/Tloc       8%         N/A       43%         3
 Cause Fear               Hex            3%         N/A       67%         4

Inventory:

Hand Weapons
 a - a +1 sling (weapon)
Armour
 c - a +0 robe (worn)
Scrolls
 b - a scroll of poison

Dungeon Overview and Level Annotations

Branches:
Dungeon (1/15)

Altars:


Message History

The sling bullet hits the kobold but does no damage.
A quokka comes into view.
A ball python comes into view.
You shoot a sling bullet. The ball python hisses angrily.
The sling bullet hits the ball python.
You kill the ball python!
A dart slug comes into view.
You shoot a sling bullet. The sling bullet hits the kobold.
You kill the kobold!
A hobgoblin comes into view.
You shoot a sling bullet. The sling bullet misses the quokka.
The hobgoblin shouts!
50 ||| Stepping ~*~*~tactically~*~*~ (outnumbered).
You shoot a sling bullet. The sling bullet hits the quokka.
The quokka is moderately wounded.
You shoot a sling bullet. The sling bullet hits the quokka.
The quokka is heavily wounded.
The quokka bites you but does no damage.
The quokka bites you.
You shoot a sling bullet. The sling bullet hits the quokka.
The quokka is almost dead.
The quokka bites you.
You shoot a sling bullet.
The sling bullet completely misses the quokka.
The quokka bites you. The quokka barely misses you.
The dart slug launches a dart at you.
The slug dart hits you but does no damage.
You shoot a sling bullet.
The sling bullet closely misses the quokka.
The quokka bites you. The hobgoblin hits you.
The dart slug launches a dart at you. The slug dart misses you.
The slug dart hits the hobgoblin.
The hobgoblin dies!
The quokka bites you but does no damage.
You shoot a sling bullet.
The sling bullet barely misses the quokka.
The quokka bites you but does no damage.
The dart slug launches a dart at you. The slug dart hits you.
You die...

... ... . .. ..
....... .. g..
..>.... ##. ....
.......#####.##)$...
................w...
........#.#%r#.. .
........#.#.@#....
#.......#....w......
#####................
.........##..........
.........##..........
.)...................
#########............
#####)...........
#>..'...).....#


You could see a dart slug and a quokka.

Vanquished Creatures
  A ball python (D:1)
  A goblin (D:1)
  A quokka (D:1)
  A bat (D:1)
  A frilled lizard (D:1)
  A kobold (D:1)
6 creatures vanquished.

Vanquished Creatures (others)
  A hobgoblin (D:1)
1 creature vanquished.

Grand Total: 7 creatures vanquished

Notes
Turn   | Place    | Note
-------+----------+-------------------------------------------
     0 | D:1      | qw the Gargoyle Hexslinger began the quest for the Orb.
     0 | D:1      | Reached XP level 1. HP: 12/12 MP: 2/2
     0 | D:1      | 0 ||| qw: Version: 0.3-a-52-g30416fa
     0 | D:1      | 0 ||| qw: Game counter: 7380
     0 | D:1      | 0 ||| qw: Melee chars always use a shield: true
     0 | D:1      | 0 ||| qw: God list: Okawaru
     0 | D:1      | 0 ||| qw: Allow faded altars: false
     0 | D:1      | 0 ||| qw: Do Orc after clearing Dungeon:15 true
     0 | D:1      | 0 ||| qw: Do second Lair branch before Depths: true
     0 | D:1      | 0 ||| qw: Lair rune preference: random
     0 | D:1      | 0 ||| qw: Goals: Normal
     0 | D:1      | 0 ||| PLANNING D:1-11
    50 | D:1      | 50 ||| Stepping ~*~*~tactically~*~*~ (outnumbered).
    55 | D:1      | HP: 1/12 [hobgoblin (4)]
    56 | D:1      | Killed from afar by a dart slug

Levels and vault maps discovered:
D:1:      amcnicky_arrival_choice, layout_basic

Action                     || total
---------------------------++-------
   Fire: Sling             ||    33
 Armour: Robe              ||    14
  Dodge: Dodged            ||    23

Table legend:
 A = Non-vault XP
 B = Vault XP
 C = Vault XP percentage of total XP
 D = Non-vault monster count
 E = Vault monster count
 F = Vault count percentage of total count
                 A         B        C        D         E       F
            +---------+---------+-------+---------+---------+-------
      Total |       9 |       0 |   0.0 |       6 |       0 |   0.0
            +---------+---------+-------+---------+---------+-------
        D:1 |       9 |       0 |   0.0 |       6 |       0 |   0.0
            +---------+---------+-------+---------+---------+-------
